 Dungeon Crawl Stone Soup version 0.25.1-8-g42b30a86e7 (webtiles) character file.

Game seed: 14749770844093498226

86 gruber the Grave Robber (level 4, 0/30 HPs)
             Began as a Demonspawn Necromancer on Dec 21, 2020.
             Slain by Natasha (7 damage)
             ... on level 2 of the Dungeon.
             The game lasted 00:01:54 (2490 turns).

gruber the Grave Robber (Demonspawn Necromancer)    Turns: 2490, Time: 00:01:55

Health: 0/30       AC:  2    Str:  8    XL:     4   Next: 26%
Magic:  4/7        EV: 12    Int: 18    God:
Gold:   73         SH:  0    Dex: 15    Spells: 3/8 levels left

rFire    . . .     SeeInvis .   (no weapon)
rCold    . . .     Gourm    .   (no shield)
rNeg     + . .     Faith    .   a - +0 robe
rPois    .         Spirit   .   (no helmet)
rElec    .         Reflect  .   (no cloak)
rCorr    .         Harm     .   (no gloves)
MR       .....                  (no boots)
Stlth    ++........             i - amulet of the acrobat
HPRegen  0.10/turn              d - ring of positive energy
MPRegen  0.10/turn              (no ring)

@: slowed, very slow
A: claws 2, thin skeletal structure 1
a: no special abilities


You were on level 2 of the Dungeon.
You were not hungry.

You visited 1 branch of the dungeon, and saw 2 of its levels.

You collected 73 gold pieces.

Inventory:

Armour
 a - a +0 robe (worn)
Jewellery
 d - a ring of positive energy (left claw)
 i - an amulet of the acrobat (around neck)
Scrolls
 h - 2 scrolls of magic mapping {unknown}
Potions
 b - a potion of curing {unknown}
 e - 2 potions of heal wounds {unknown}
 f - 2 potions of might {unknown}
 g - a potion of berserk rage {unknown}
 j - a potion of lignification {unknown}
 k - a potion of flight {unknown}
Comestibles
 c - 4 rations


   Skills:
 - Level 1.7 Dodging
 - Level 1.7 Stealth
 + Level 2.5 Spellcasting
 - Level 6.0 Necromancy


You had 3 spell levels left.
You knew the following spells:

 Your Spells              Type           Power        Failure   Level  Hunger
a - Pain                  Necr           ###.         1%          1    #......
b - Animate Skeleton      Necr           N/A          1%          1    #......
c - Vampiric Draining     Necr           ###.......   4%          3    ###....

Your spell library contained the following spells:

 Spells                   Type           Power        Failure   Level  Hunger
 Animate Dead             Necr           N/A          14%         4    #####..
 Agony                    Necr           ###.....     36%         5    ######.


Dungeon Overview and Level Annotations

Branches:
Dungeon (2/15)

Altars:

Annotations:
D:2 Natasha


Innate Abilities, Weirdness & Mutations

You have very sharp fingernails.
You have a somewhat thin skeletal structure. (Dex +2, Stealth)


Message History

Casting: Pain (safe; 1% risk of failure)
Confirm with . or Enter, or press ? or * to list all spells.
Aiming: Pain (safe; 1% risk of failure)
Press: ? - help, Shift-Dir - straight line, f/p - Natasha
Aim: Natasha (chance to defeat MR: 83%) Natasha writhes in agony!
A bat comes into view.
The hobgoblin barely misses you. Natasha claws you!
A frilled lizard comes into view.
Casting: Pain (safe; 1% risk of failure)
Confirm with . or Enter, or press ? or * to list all spells.
Aiming: Pain (safe; 1% risk of failure)
Press: ? - help, Shift-Dir - straight line, f/p - Natasha
Aim: Natasha (heavily wounded, chance to defeat MR: 83%) Natasha writhes in agony.
The hobgoblin hits you with a +0 club.
* * * LOW HITPOINT WARNING * * *
Natasha stares at you and mumbles some strange words.
You feel as though you will be slow longer.
The hobgoblin closely misses you. Natasha claws you!
You die...

............#..........
............##.........>
...........## .....l....
............###.........
....................r...
.......................
.................b..#
#.......#...###.hg..#
#.......#...#...@...#
#.......#...#.......#
#.......#...#.......#
#.......#####.......#
#.......# #.......#
#.......# #.......#
#.......# #.......#
#.......# #.......#
######### #.......#


You could see Natasha, a hobgoblin, a bat, a frilled lizard and a rat.

Vanquished Creatures
  Natasha (D:2)
  An adder (D:2)
  An ooze (D:1)
  A worm (D:2)
  2 leopard geckos
  A ball python (D:2)
  2 giant cockroaches (D:1)
  4 goblins
  8 hobgoblins
  2 jackals (D:1)
  A quokka (D:2)
  2 bats
  5 frilled lizards (D:2)
  3 kobolds
  10 rats
44 creatures vanquished.

Notes
Turn   | Place    | Note
-------+----------+-------------------------------------------
     0 | D:1      | gruber the Demonspawn Necromancer began the quest for the
                  | Orb.
     0 | D:1      | Reached XP level 1. HP: 13/13 MP: 3/3
   286 | D:1      | Gained mutation: You have sharp fingernails. [demonic
                  | ancestry]
   286 | D:1      | Reached XP level 2. HP: 19/19 MP: 3/5
   390 | D:1      | Reached skill level 5 in Necromancy
  1520 | D:2      | Noticed Natasha
  1524 | D:2      | Killed Natasha
  1524 | D:2      | Gained mutation: You have a somewhat thin skeletal
                  | structure. (Dex +2, Stealth) [demonic ancestry]
  1524 | D:2      | Reached XP level 3. HP: 21/24 MP: 1/6
  2064 | D:2      | Learned a level 1 spell: Animate Skeleton
  2068 | D:2      | Learned a level 3 spell: Vampiric Draining
  2120 | D:2      | Gained mutation: You have very sharp fingernails. [demonic
                  | ancestry]
  2120 | D:2      | Reached XP level 4. HP: 25/30 MP: 0/7
  2197 | D:2      | Reached skill level 6 in Necromancy
  2481 | D:2      | Noticed Natasha
  2490 | D:2      | Slain by Natasha

Illustrated notes

Levels and vault maps discovered:
D:1:      psy_arrival_conway, layout_rooms, corner_web_ring,
          minmay_misc_feat_five
D:2:      layout_basic, uniq_natasha

Skill      XL: |  1  2  3  4 |
---------------+-------------+-----
Necromancy     | 5 6 |  6.0
Dodging        | |  1.7
Stealth        | |  1.7
Spellcasting   | |  2.5

Action                   |  1- 3 |  4- 6 || total
-------------------------+-------+-------++-------
Melee: Unarmed           |    76 |    14 ||    90
 Cast: Pain              |    44 |    11 ||    55
 Stab: Sleeping          |     1 |     1 ||     2
       Distracted        |       |     1 ||     1
  Eat: Chunk             |     4 |     2 ||     6
Armor: Robe              |    13 |     2 ||    15
Dodge: Dodged            |    61 |    12 ||    73
